 Dungeon Crawl Stone Soup version 0.27.1-3-gb3d3a73c9e (webtiles) character file.

Game seed: 12032215561809913709

1911 MisterFreud the Magician (level 9, 0/65 HPs)
             Began as a Gnoll Venom Mage on Oct 5, 2021.
             Was a Priest of Makhleb.
             Slain by Prince Ribbit (14 damage)
             ... on level 7 of the Dungeon.
             The game lasted 00:15:29 (8246 turns).

MisterFreud the Magician (Gnoll Venom Mage)         Turns: 8246, Time: 00:15:30

Health: 0/65       AC: 12    Str:  8    XL:     9   Next: 16%
Magic:  12/18      EV: 15    Int: 17    God:    Makhleb [***...]
Gold:   391        SH:  0    Dex: 17    Spells: 9/20 levels left

rFire    . . .     SeeInvis .   I - +4 quarterstaff (chaos)
rCold    . . .     Faith    .   (shield currently unavailable)
rNeg     . . .     Spirit   .   y - +0 steam dragon scales
rPois    .         Reflect  .   (no helmet)
rElec    .         Harm     .   J - +1 cloak
rCorr    .         Rampage  .   F - +0 pair of gloves
Will     .....                  f - +2 pair of boots of Focus {Dex+4}
Stlth    +++.......             (no amulet)
HPRegen  0.20/turn              (no ring)
MPRegen  0.16/turn              (no ring)

@: no status effects
A: fangs 1, strong nose, distributed training
a: Renounce Religion, Minor Destruction, Lesser Servant of Makhleb


You were on level 7 of the Dungeon.
You worshipped Makhleb.
Makhleb was most pleased with you.
You visited 1 branch of the dungeon, and saw 7 of its levels.
You also visited: Sewer.

You collected 391 gold pieces.

Inventory:

Hand Weapons
 i - a +0 club
 k - a +2 vorpal mace
 r - a +2 dagger of freezing
 I - a +4 quarterstaff of chaos (weapon)
Missiles
 d - 55 poisoned darts
 o - 5 boomerangs
 v - a curare-tipped dart
Armour
 f - the +2 pair of boots of Focus (worn) {Dex+4}
   (You acquired it on level 3 of the Dungeon)

   Dex:       It affects your dexterity (+4).
 y - +0 steam dragon scales (worn)
 F - a +0 pair of gloves (worn)
 J - a +1 cloak (worn)
Jewellery
 q - a ring of ice
Wands
 g - a wand of mindburst (13)
 D - a wand of paralysis (7)
 E - a wand of polymorph (9)
Scrolls
 a - a scroll of noise {unknown}
 h - 2 scrolls of enchant weapon
 u - 3 scrolls of teleportation
 H - a scroll of amnesia
Potions
 b - 3 potions of ambrosia
 c - a potion of degeneration {unknown}
 e - 4 potions of haste
 m - 3 potions of curing
 s - a potion of lignification {unknown}
 t - a potion of flight
 w - 2 potions of resistance
 x - a potion of magic {unknown}
 z - a potion of invisibility
 A - a potion of might {unknown}
 B - a potion of mutation {unknown}
 C - a potion of heal wounds


   Skills:
 + Level 4.0 Fighting
 + Level 4.0 Short Blades
 + Level 4.0 Long Blades
 + Level 4.0 Axes
 + Level 4.0 Maces & Flails
 + Level 4.0 Polearms
 + Level 4.0 Staves
 + Level 4.0 Slings
 + Level 4.0 Bows
 + Level 4.0 Crossbows
 + Level 4.0 Throwing
 + Level 4.0 Armour
 + Level 6.1 Dodging
 + Level 5.8 Stealth
 + Level 4.0 Shields
 + Level 4.0 Unarmed Combat
 + Level 6.4 Spellcasting
 + Level 3.2 Conjurations
 + Level 3.2 Hexes
 + Level 3.2 Summonings
 + Level 3.2 Necromancy
 + Level 3.2 Translocations
 + Level 4.0 Transmutations
 + Level 3.2 Fire Magic
 + Level 3.2 Ice Magic
 + Level 3.2 Air Magic
 + Level 3.2 Earth Magic
 + Level 6.4 Poison Magic
 + Level 4.3 Invocations
 + Level 4.0 Evocations


You had 9 spell levels left.
You knew the following spells:

 Your Spells              Type           Power      Damage    Failure   Level
a - Sting                 Tmut/Pois      92%        1d7       1%          1
b - Mephitic Cloud        Conj/Pois/Air  20%        N/A       6%          3
c - Olgreb's Toxic Radia  Pois           27%        N/A       9%          4
d - Summon Guardian Gole  Hex/Summ       16%        N/A       10%         3

Your spell library contained the following spells:

 Spells                   Type           Power      Damage    Failure   Level
 Poisonous Vapours        Pois/Air       42%        N/A       2%          2
 Summon Small Mammal      Summ           64%        N/A       3%          1
 Ignite Poison            Fire/Tmut/Pois 21%        N/A       5%          3
 Call Canine Familiar     Summ           16%        N/A       10%         3
 Bolt of Magma            Conj/Fire/Erth 8%         4d6       65%         5


Dungeon Overview and Level Annotations

Branches:
Dungeon (7/15)             Temple (0/1) D:6           Sewer (visited)

Altars:
Cheibriados
Kikubaaqudgha
Makhleb
Qazlal
Trog
Vehumet
Xom
Zin
The Shining One

Shops:
D:5 (   D:6 :

Annotations:
D:6 2 transporters, PanSaczeczos's ghost, novice DsBr
D:7 Prince Ribbit


Innate Abilities, Weirdness & Mutations

You have very sharp teeth.
Your uncanny sense of smell can sniff out nearby items.
Your experience applies equally to all skills.


Message History

Your Axes skill increases to level 4!
Your Maces & Flails skill increases to level 4!
Your Polearms skill increases to level 4!
Your Staves skill increases to level 4!
Your Slings skill increases to level 4!
Your Bows skill increases to level 4!
Your Crossbows skill increases to level 4!
Your Throwing skill increases to level 4!
Your Armour skill increases to level 4!
Your Shields skill increases to level 4!
Your Unarmed Combat skill increases to level 4!
Your Transmutations skill increases to level 4!
Your Evocations skill increases to level 4!
Unknown command.
Unknown command.
Casting: Olgreb's Toxic Radiance (dangerous; 9% risk of failure)
Confirm with . or Enter, or press ? or * to list all spells.
A guardian golem appears, shielding your allies.
The gnoll hits you but does no damage.
Prince Ribbit hops awkwardly around.
The gnoll misses you. Prince Ribbit barely misses you.
You hit Prince Ribbit.
Prince Ribbit flickers and vanishes!
Deactivating autopickup; reactivate with Ctrl-A.
Something hits you but does no damage. The gnoll hits you but does no damage.
Something hits you but does no damage.
You miss something. The gnoll closely misses you.
Something hits you but does no damage.
You closely miss something. Something hits you!
The gnoll hits you from afar with a +0 spear.
Something hits you!
The gnoll hits you from afar with a +0 spear.
* * * LOW HITPOINT WARNING * * *
The gnoll closely misses you.
You kill the gnoll!
Makhleb accepts your kill.
You feel better. Something hits you but does no damage.
You sock something! Something hits you but does no damage. Something hits you!
* * * LOW HITPOINT WARNING * * *
Something hits you!
You die...

.# #......## ##...........
.# ##....## #........... .#
#..### ##.†......... .#
##...## #............ ##
##.....### ##..).........
.#####........##
#...)....#####
....>.<####.....##...)$.###
<......# ##..........##
....#..## ###.@8.....#
..####..# ###......... ###
#..## ###.......... ####
##..####..........####
...## ##............####
....# #.....#####..# ##..#
#...### ##.. .#..## #..##
... .#...# #.##


You could see a friendly guardian golem (summoned).

Vanquished Creatures
  Sigmund (D:2)
  A steam dragon (D:4)
  An ice beast (D:5)
  A centaur (D:6)
  An ogre (D:5)
  2 necrophages
  A phantom (D:7)
  4 kobold brigands (Sewer)
  2 scorpions
  A water moccasin zombie (D:5)
  A centaur zombie (D:5)
  2 orc priests
  4 hounds
  A bullfrog skeleton (D:5)
  An iguana (D:5)
  2 orc wizards
  2 howler monkey zombies (D:6)
  3 gnolls (D:7)
  8 adders
  A howler monkey skeleton (D:5)
  An adder skeleton (D:3)
  A worm (D:5)
  A dart slug (D:1)
  14 orcs
  5 bats
  8 endoplasms
  8 giant cockroaches
  4 goblins
  3 hobgoblins
  6 jackals
  16 kobolds
  5 quokkas
  5 ball pythons
  6 frilled lizards
  4 rats
127 creatures vanquished.

Vanquished Creatures (others)
  A sky beast (D:5)
  Crazy Yiuf (D:6)
  9 plants
11 creatures vanquished.

Grand Total: 138 creatures vanquished

Notes
Turn   | Place    | Note
-------+----------+-------------------------------------------
     0 | D:1      | MisterFreud the Gnoll Venom Mage began the quest for the
                  | Orb.
     0 | D:1      | Reached XP level 1. HP: 13/13 MP: 6/6
   364 | D:1      | Reached XP level 2. HP: 19/19 MP: 4/7
   541 | D:1      | Found a faded altar of an unknown god.
   551 | D:1      | Became a worshipper of Makhleb the Destroyer
   551 | D:1      | Reached * piety under Makhleb
  1263 | D:2      | Noticed Sigmund
  1412 | D:2      | Reached skill level 5 in Spellcasting
  1412 | D:2      | Reached XP level 3. HP: 25/25 MP: 5/9
  1611 | D:2      | Reached skill level 1 in Invocations
  1955 | D:3      | Learned a level 3 spell: Mephitic Cloud
  1971 | D:2      | Killed Sigmund
  1972 | D:2      | Reached skill level 1 in Fighting
  1972 | D:2      | Reached skill level 1 in Short Blades
  1972 | D:2      | Reached skill level 1 in Long Blades
  1972 | D:2      | Reached skill level 1 in Axes
  1972 | D:2      | Reached skill level 1 in Maces & Flails
  1972 | D:2      | Reached skill level 1 in Polearms
  1972 | D:2      | Reached skill level 1 in Staves
  1972 | D:2      | Reached skill level 1 in Slings
  1972 | D:2      | Reached skill level 1 in Bows
  1972 | D:2      | Reached skill level 1 in Crossbows
  1972 | D:2      | Reached skill level 1 in Throwing
  1972 | D:2      | Reached skill level 1 in Armour
  1972 | D:2      | Reached skill level 1 in Shields
  1972 | D:2      | Reached skill level 1 in Unarmed Combat
  1972 | D:2      | Reached skill level 1 in Conjurations
  1972 | D:2      | Reached skill level 1 in Hexes
  1972 | D:2      | Reached skill level 1 in Summonings
  1972 | D:2      | Reached skill level 1 in Necromancy
  1972 | D:2      | Reached skill level 1 in Translocations
  1972 | D:2      | Reached skill level 1 in Fire Magic
  1972 | D:2      | Reached skill level 1 in Ice Magic
  1972 | D:2      | Reached skill level 1 in Air Magic
  1972 | D:2      | Reached skill level 1 in Earth Magic
  1972 | D:2      | Reached skill level 1 in Evocations
  1972 | D:2      | Reached XP level 4. HP: 3/33 MP: 6/11
  1972 | D:2      | Reached XP level 5. HP: 4/38 MP: 6/12
  2367 | D:3      | Found an ancient bone altar of Kikubaaqudgha.
  2503 | D:3      | Reached XP level 6. HP: 28/44 MP: 7/13
  2658 | D:3      | HP: 2/44 [orc (4)]
  2674 | D:3      | HP: 2/44 [something/magic dart (8)]
  3257 | D:3      | You fall into a shaft and drop 2 floors!
  3257 | D:5      | Entered Level 5 of the Dungeon
  3288 | D:5      | Reached skill level 5 in Dodging
  3443 | D:5      | Reached ** piety under Makhleb
  3450 | D:5      | Found a glowing drain.
  3454 | Sewer    | Entered a sewer
  3744 | Sewer    | Reached XP level 7. HP: 11/50 MP: 12/15
  4033 | Sewer    | Learned a level 4 spell: Olgreb's Toxic Radiance
  4433 | Sewer    | Reached skill level 5 in Stealth
  4655 | D:4      | Noticed a steam dragon
  4665 | D:4      | Killed a steam dragon
  4955 | D:3      | Reached XP level 8. HP: 55/57 MP: 12/16
  5597 | D:3      | Reached *** piety under Makhleb
  5682 | D:3      | Identified a scroll of acquirement
  5682 | D:3      | Acquired the +2 pair of boots of Focus {Dex+4}
  6110 | D:4      | Found a bloodstained altar of Trog.
  6110 | D:4      | Found a stormy altar of Qazlal.
  6111 | D:4      | Found a radiant altar of Vehumet.
  6542 | D:5      | Found Muococ's Hydra Hut.
  6546 | D:5      | Noticed an eight-headed hydra
  6829 | D:5      | HP: 2/58 [ice beast (13)]
  7244 | D:6      | Reached XP level 9. HP: 64/65 MP: 18/18
  7288 | D:6      | Found a transporter.
  7292 | D:6      | Identified the +3 ring mail of Xerrumae {rC+ Str+3}
  7297 | D:6      | Found a transporter.
  7298 | D:6      | Noticed PanSaczeczos's ghost (novice DsBr)
  7489 | D:6      | Learned a level 3 spell: Summon Guardian Golem
  7616 | D:6      | Found a staircase to the Ecumenical Temple.
  7719 | D:6      | Found Zogroe's Book Shop.
  7812 | D:6      | Found a glowing golden altar of the Shining One.
  7812 | D:6      | Found a snail-covered altar of Cheibriados.
  7881 | D:6      | Found a runed translucent door.
  7882 | D:6      | Noticed Crazy Yiuf
  7928 | D:6      | Killed Crazy Yiuf
  8066 | D:7      | Found a glowing silver altar of Zin.
  8100 | D:7      | Noticed an angel
  8101 | D:7      | Found a shimmering altar of Xom.
  8230 | D:7      | Noticed Prince Ribbit
  8246 | D:7      | Slain by Prince Ribbit

Illustrated notes

Levels and vault maps discovered:
D:1:      dpeg_arrival_connections, layout_loops_ring,
          shapermc_ecumenical_altar_totnotflames, nrook_loot_triangle
D:2:      layout_rooms, uniq_sigmund
D:3:      layout_basic, mainiacjoe_overflow_alcove_2, grunt_decor_junction
D:4:      layout_rooms, nicolae_overflow_hidden_temple
D:5:      layout_gridville, gup_sewer_entry_bowl, doesnt_shop_hydraphobe
D:6:      layout_loops_cross, amethyst_overflow_temple_binary,
          minmay_temple_entry_hall, serial_shops,
          nicolae_shop_temple_entry_statues_fountains,
          gammafunk_ghost_gnarly_gnolls, uniq_crazy_yiuf_cottage
D:7:      layout_layer_cave, grunt_temple_overflow_order_and_chaos_1,
          minmay_misc_feat_secret_circle, uniq_prince_ribbit1, uniq_menkaure

Skill      XL: |  1  2  3  4  5  6  7  8  9 |
---------------+----------------------------+-----
Transmutations | 2 3 4 |  4.0
Spellcasting   | 5 6 |  6.4
Invocations    | 1 2 3 4 |  4.3
Fighting       | 1 2 3 4 |  4.0
Short Blades   | 1 2 3 4 |  4.0
Long Blades    | 1 2 3 4 |  4.0
Axes           | 1 2 3 4 |  4.0
Maces & Flails | 1 2 3 4 |  4.0
Polearms       | 1 2 3 4 |  4.0
Staves         | 1 2 3 4 |  4.0
Slings         | 1 2 3 4 |  4.0
Bows           | 1 2 3 4 |  4.0
Crossbows      | 1 2 3 4 |  4.0
Throwing       | 1 2 3 4 |  4.0
Armour         | 1 2 3 4 |  4.0
Shields        | 1 2 3 4 |  4.0
Unarmed Combat | 1 2 3 4 |  4.0
Conjurations   | 1 2 3 |  3.2
Hexes          | 1 2 3 |  3.2
Summonings     | 1 2 3 |  3.2
Necromancy     | 1 2 3 |  3.2
Translocations | 1 2 3 |  3.2
Fire Magic     | 1 2 3 |  3.2
Ice Magic      | 1 2 3 |  3.2
Air Magic      | 1 2 3 |  3.2
Earth Magic    | 1 2 3 |  3.2
Evocations     | 1 2 3 4 |  4.0
Dodging        | 5 6 |  6.1
Stealth        | 5 |  5.8
Poison Magic   | 6 |  6.4

Action                   |  1- 3 |  4- 6 |  7- 9 || total
-------------------------+-------+-------+-------++-------
Melee: Unarmed           |     5 |       |       ||     5
       Bite              |     2 |     4 |    15 ||    21
       Mace              |     8 |    53 |   119 ||   180
       Punch             |       |       |     1 ||     1
       Quarterstaff      |       |       |    18 ||    18
 Cast: Sting             |    42 |    43 |    77 ||   162
       Mephitic Cloud    |     1 |       |     1 ||     2
       Olgreb's Toxic Ra |       |       |    13 ||    13
       Summon Guardian G |       |       |     2 ||     2
  Use: Scroll            |     1 |       |    15 ||    16
       Potion            |       |     1 |     2 ||     3
 Stab: Sleeping          |       |     2 |     2 ||     4
Armor: Robe              |     4 |    21 |     1 ||    26
       Steam dragon scal |       |       |    57 ||    57
Dodge: Dodged            |    21 |    79 |   138 ||   238
